 Dungeon Crawl Stone Soup version 0.25-a0-190-g27fffb8c76 (console) character file.

Game seed: 11615883296416490924, levelgen mode: deterministic

7690 Kagalorn the Carver (level 11, 0/91 HPs)
             Began as a Purple Draconian Conjurer on Nov 30, 2019.
             Was a Follower of Ashenzari.
             Slain by a hornet (10 damage)
             ... on level 10 of the Dungeon.
             The game lasted 00:48:02 (10268 turns).

Kagalorn the Carver (Purple Draconian Conjurer)    Turns: 10268, Time: 00:48:03

Health: 0/91       AC:  9    Str: 11    XL:     11   Next: 0%
Magic:  19/23      EV: 12    Int: 18    God:    Ashenzari [*.....]
Gold:   371        SH:  4    Dex: 12    Spells: 20/27 levels left

rFire    . . .     SeeInvis .   a - +7 Singing Sword {slice, sonic wave} (curse)
rCold    + . .     Gourm    .   M - +0 buckler
rNeg     . . .     Faith    .   (armour unavailable)
rPois    +         Spirit   .   (helmet restricted)
rElec    .         Reflect  .   H - +0 cloak
rCorr    .         Harm     .   (no gloves)
MR       +....                  s - +0 pair of boots
Stlth    ++........             z - amulet of the acrobat
HPRegen  0.25/turn              C - ring of protection from cold
MPRegen  0.18/turn              E - ring of poison resistance

@: no status effects
A: breathe power, unfitting armour, cold-blooded, AC +7
a: Breathe Dispelling Energy, Curse Item, Scrying, Renounce Religion


You were on level 10 of the Dungeon.
You worshipped Ashenzari.
Ashenzari was aware of your devotion.
You were very hungry.

You visited 2 branches of the dungeon, and saw 11 of its levels.

You collected 630 gold pieces.
You spent 259 gold pieces at shops.

Inventory:

Hand Weapons
 a - the cursed +7 Singing Sword (weapon) {slice, sonic wave}
   (You found it on level 4 of the Dungeon)

   It inflicts extra damage upon your enemies.
   It has a curse placed upon it.
 L - a +7 long sword
Missiles
 d - 228 stones
 n - 28 poisoned darts (quivered)
 t - 7 curare-tipped darts
 w - 90 bolts
 y - 39 sling bullets
 K - 7 atropa-tipped darts
 P - 2 throwing nets
Armour
 s - a +0 pair of boots (worn)
 H - a +0 cloak (worn)
 M - a +0 buckler (worn)
Magical Staves
 b - an uncursed staff of conjuration
Jewellery
 e - an uncursed ring of magical power
 p - an uncursed ring of positive energy
 r - a +4 ring of intelligence
 z - an amulet of the acrobat (around neck)
 C - a ring of protection from cold (left hand)
 E - a ring of poison resistance (right hand)
Wands
 q - a wand of paralysis (13)
Scrolls
 f - 5 scrolls of teleportation
 i - 3 scrolls of amnesia {unknown}
 j - 2 scrolls of fear {unknown}
 k - 4 scrolls of magic mapping {unknown}
 l - 8 scrolls of remove curse
 m - 2 scrolls of enchant armour {unknown}
 u - 3 scrolls of immolation {unknown}
 B - a scroll of noise {unknown}
 D - 3 scrolls of enchant weapon
 F - 2 scrolls of fog
 G - 4 scrolls of blinking
 I - a scroll of vulnerability {unknown}
Potions
 c - 2 potions of flight
 h - a potion of magic
 o - 3 potions of curing
 v - 2 potions of mutation
 x - a potion of might
 A - 3 potions of brilliance
 J - a potion of agility
 N - a potion of ambrosia
 O - a potion of heal wounds
Comestibles
 g - 21 rations


   Skills:
 * Level 6.4 Fighting
 * Level 10.2 Long Blades
 - Level 2.0 Dodging
 - Level 2.0 Stealth
 * Level 2.3 Shields
 * Level 8.6 Spellcasting
 * Level 8.2 Conjurations
 - Level 4.0 Hexes
 * Level 2.4 Transmutations
 * Level 2.4 Earth Magic


You had 20 spell levels left.
You knew the following spells:

 Your Spells              Type           Power        Failure   Level  Hunger
a - Magic Dart            Conj           ####         1%          1    None
b - Fulminant Prism       Conj/Hex       ####......   9%          4    ###....
f - Passwall              Tmut/Erth      ###.....     6%          2    None

Your spell library contained the following spells:

 Spells                   Type           Power        Failure   Level  Hunger
 Searing Ray              Conj           #####.       1%          2    None
 Dazzling Spray           Conj/Hex       ####..       2%          3    None
 Stone Arrow              Conj/Erth      ####..       3%          3    None
 Iskenderun's Mystic Bla  Conj           #####...     3%          4    ###....
 Sandblast                Erth           ###...       4%          1    None
 Force Lance              Conj/Tloc      ###.....     21%         4    ###....
 Petrify                  Tmut/Erth      ###.....     38%         4    ###....
 Lee's Rapid Deconstruct  Erth           ###.......   75%         5    #####..


Dungeon Overview and Level Annotations

Branches:
Dungeon (10/15)            Temple (1/1) D:7
   Lair: D:8-11         Orc: D:9-12

Altars:
Ashenzari
Cheibriados
Dithmenos
Elyvilon
Fedhas
Gozag
Hepliaklqana
Kikubaaqudgha
Makhleb
Nemelex Xobeh
Okawaru
Qazlal
Ru
Sif Muna
Trog
Uskayaw
Vehumet
Wu Jian
Xom
Yredelemnul
Zin
The Shining One

Shops:
D:5 }?}   D:9 :


Innate Abilities, Weirdness & Mutations

You can breathe bolts of dispelling energy.
Your rich purple scales are hard. (AC +7)
You cannot fit into any form of body armour.
You are cold-blooded and may be slowed by cold attacks.


Message History

Aim: a worker ant You throw a poisoned dart.
The poisoned dart hits the worker ant.
The worker ant is poisoned.
You feel sick. The hornet stings you!
The worker ant bites you but does no damage.
The hornet stings you!
Casting: Magic Dart (safe; 1% risk of failure)
Confirm with . or Enter, or press ? or * to list all spells.
Aiming: Fulminant Prism (safe; 9% risk of failure)
Press: ? - help, Dir - move target cursor, p - worker ant You conjure a prism of explosive energy!
A fulminant prism comes into view.
You feel sick. The hornet stings you!
* * * LOW HITPOINT WARNING * * *
The worker ant bites you.
* * * LOW HITPOINT WARNING * * *
You feel better. The hornet stings you!
* * * LOW HITPOINT WARNING * * *
The worker ant bites you but does no damage.
The hornet stings you!
You die...

... ....... ##..
....... #... .......
#...#.......
#....*......
#...........
#..ya.!.... #@.......
#............... ..
#................#..
#........#.......#...
##..####.............
### .............
...........#
##.........##
#......<....#


You could see a hornet, a worker ant and a friendly fulminant prism.

Vanquished Creatures
  A two-headed ogre (D:9)
  Pikel (D:9)
  A kobold demonologist (D:9)
  A troll (D:9)
  3 hippogriffs (D:8)
  5 yaks (D:9)
  Eustachio (D:3)
  Menkaure (D:6)
  4 orc warriors
  2 ice beasts
  2 phantoms
  4 sky beasts
  6 ogres
  2 necrophages (D:9)
  3 centaurs (D:7)
  A crocodile (D:9)
  4 bullfrogs
  10 scorpions
  10 wights
  A howler monkey (D:9)
  A bullfrog zombie (D:6)
  A crimson imp (D:6)
  Crazy Yiuf (D:7)
  A bullfrog skeleton (D:9)
  3 hounds
  2 jellies (D:7)
  8 orc priests
  9 orc wizards
  5 worker ants
  3 iguanas
  A killer bee zombie (D:6)
  A hound skeleton (D:8)
  A worker ant zombie (D:5)
  8 gnolls
  21 adders
  3 oozes
  An adder zombie (D:7)
  2 adder skeletons
  4 worms
  4 dart slugs
  7 leopard geckos
  34 orcs
  11 bats
  3 giant cockroaches
  6 hobgoblins
  7 jackals
  8 kobolds
  A quokka (D:6)
  2 ball pythons (D:3)
  4 frilled lizards
  4 goblins
  2 rats
  A fulminant prism (D:8)
233 creatures vanquished.

Vanquished Creatures (others)
  2 slaves (D:9)
  A howler monkey (D:9)
  A bullfrog skeleton (D:9)
  An orc priest (D:8)
  An orc wizard (D:9)
  5 orcs
  49 fulminant prisms
60 creatures vanquished.

Grand Total: 293 creatures vanquished

Notes
Turn   | Place    | Note
-------+----------+-------------------------------------------
     0 | D:1      | Kagalorn the Draconian Conjurer began the quest for the
                  | Orb.
     0 | D:1      | Reached XP level 1. HP: 14/14 MP: 3/3
   276 | D:1      | Reached XP level 2. HP: 12/20 MP: 0/5
  1383 | D:2      | Reached XP level 3. HP: 26/26 MP: 2/6
  1779 | D:3      | Reached skill level 5 in Conjurations
  1900 | D:3      | Reached XP level 4. HP: 26/33 MP: 0/7
  2054 | D:3      | HP: 1/33 [orc priest/divine providence (8)]
  2423 | D:3      | Reached XP level 5. HP: 38/38 MP: 5/9
  3290 | D:4      | Noticed Eustachio
  3326 | D:3      | Killed Eustachio
  3326 | D:3      | Reached XP level 6. HP: 42/45 MP: 0/12
  3672 | D:4      | Got a scorched short sword
  3970 | D:4      | Your scales start taking on a rich purple colour.
  3970 | D:4      | Reached skill level 5 in Spellcasting
  3970 | D:4      | Reached XP level 7. HP: 43/51 MP: 13/15
  4295 | D:4      | Found the +7 Singing Sword {slice, sonic wave}
  4355 | D:4      | Reached skill level 1 in Fighting
  4378 | D:4      | Found a hazy altar of Hepliaklqana.
  4580 | D:5      | Entered Level 5 of the Dungeon
  4580 | D:5      | Found Dupaego's Gadget Shoppe.
  4652 | D:5      | Found Epank's Gadget Boutique.
  4675 | D:5      | Learned a level 4 spell: Fulminant Prism
  4862 | D:5      | Found a white marble altar of Elyvilon.
  4880 | D:5      | Reached XP level 8. HP: 5/60 MP: 13/18
  5213 | D:5      | Reached skill level 1 in Hexes
  5315 | D:5      | Found Ohekhan's Magic Scroll Shoppe.
  5342 | D:5      | Reached skill level 1 in Long Blades
  5467 | D:5      | Bought a scroll of blinking for 97 gold pieces
  5467 | D:5      | Bought a scroll of blinking for 97 gold pieces
  5467 | D:5      | Bought a scroll of teleportation for 39 gold pieces
  5467 | D:5      | Bought a scroll of fog for 26 gold pieces
  5467 | D:5      | Identified the +4 short sword "Higexud" {drain, -Tele
                  | *Noise +Rage rPois} (You found it on level 4 of the
                  | Dungeon)
  5656 | D:6      | Reached skill level 2 in Long Blades
  5780 | D:6      | Found an opulent altar of Gozag.
  5832 | D:6      | Noticed Menkaure
  6370 | D:6      | Reached skill level 3 in Long Blades
  6391 | D:6      | Killed Menkaure
  6603 | D:6      | Reached skill level 4 in Long Blades
  6614 | D:6      | Reached XP level 9. HP: 70/70 MP: 12/21
  7156 | D:7      | Reached skill level 5 in Long Blades
  7278 | D:7      | Reached skill level 6 in Long Blades
  7421 | D:7      | Found a staircase to the Ecumenical Temple.
  7430 | Temple   | Entered the Ecumenical Temple
  7593 | Temple   | Became a worshipper of Ashenzari the Shackled
  7794 | D:7      | Found a runed translucent door.
  7795 | D:7      | Noticed Crazy Yiuf
  7804 | D:7      | Killed Crazy Yiuf
  7984 | D:8      | Found a glowing golden altar of the Shining One.
  7986 | D:8      | Noticed an angel
  8067 | D:8      | Reached skill level 7 in Long Blades
  8135 | D:8      | Reached skill level 5 in Fighting
  8135 | D:8      | Reached skill level 8 in Long Blades
  8257 | D:8      | Learned a level 2 spell: Passwall
  8288 | D:8      | Reached XP level 10. HP: 78/81 MP: 13/22
  8492 | D:8      | Reached skill level 1 in Transmutations
  8530 | D:8      | Found a basalt altar of Yredelemnul.
  8904 | D:8      | Reached skill level 1 in Earth Magic
  9004 | D:9      | Reached skill level 9 in Long Blades
  9010 | D:9      | Reached skill level 1 in Shields
  9151 | D:9      | Found an iron altar of Okawaru.
  9151 | D:9      | Found a sacrificial altar of Ru.
  9216 | D:9      | Found Xalot's Book Boutique.
  9271 | D:9      | Noticed Pikel
  9289 | D:9      | Killed Pikel
  9289 | D:9      | Reached skill level 10 in Long Blades
  9311 | D:9      | Found a snail-covered altar of Cheibriados.
  9841 | D:10     | Entered Level 10 of the Dungeon
  9858 | D:10     | Reached * piety under Ashenzari
  9883 | D:10     | Noticed a two-headed ogre
 10123 | D:9      | Killed a two-headed ogre
 10163 | D:9      | Reached XP level 11. HP: 82/91 MP: 5/23
 10262 | D:10     | Paralysed by a hornet for 1 turns
 10268 | D:10     | Slain by a hornet

Levels and vault maps discovered:
D:1:      scummos_arrival_forest, layout_loops_ring
D:2:      layout_loops_corners
D:3:      layout_basic, first_ration, supply_closet_lemuel
D:4:      old_forge, layout_rooms, lemuel_round_altar,
          minmay_misc_feat_enclosed, uniq_eustachio
D:5:      layout_basic, elyvilon_altar_3, serial_shops, shop,
          nicolae_shop_trees, shop_coins, minmay_misc_feat_plants
D:6:      layout_cave_pods, grunt_gozag_statues, uniq_menkaure
D:7:      layout_rooms, minmay_temple_entry_sparse_star, uniq_crazy_yiuf_cottage
D:8:      layout_basic, grunt_temple_overflow_holy_war
D:9:      layout_loops_ring, gammafunk_temple_overflow_wave, serial_shops, shop,
          grunt_ogre_cave, cheibrodos_worm_habitat, uniq_pikel
D:10:     layout_cross
Temple:   eino_temple_scatter_basement

Skill      XL: |  1  2  3  4  5  6  7  8  9 10 |
---------------+-------------------------------+-----
Conjurations   | 5 6 7 8 |  8.2
Spellcasting   | 3 4 5 7 8 |  8.6
Fighting       | 1 3 5 6 |  6.4
Hexes          | 3 4 |  4.0
Long Blades    | 4 8 10 | 10.2
Transmutations | 2 |  2.4
Earth Magic    | 2 |  2.4
Shields        | 2 |  2.3
Dodging        | 2 |  2.0
Stealth        | 2 |  2.0

Action                   |  1- 3 |  4- 6 |  7- 9 | 10-12 || total
-------------------------+-------+-------+-------+-------++-------
Melee: Dagger            |    15 |     7 |       |       ||    22
       Tailslap          |     4 |     1 |     9 |     6 ||    20
       Staff             |       |     3 |     4 |       ||     7
       Double sword      |       |       |    74 |    71 ||   145
       Spear             |       |       |     7 |       ||     7
Throw: Dart              |       |     4 |    10 |     4 ||    18
 Cast: Magic Dart        |    72 |   136 |   182 |    55 ||   445
       Fulminant Prism   |       |       |    28 |    23 ||    51
Invok: Curse Item        |       |       |     1 |       ||     1
  Use: Potion            |       |       |     1 |     1 ||     2
       Scroll            |       |       |     6 |     5 ||    11
  Eat: Chunk             |     4 |     5 |    15 |     7 ||    31
       Ration            |       |       |     1 |       ||     1
Armor: Skin              |    16 |    30 |    79 |    28 ||   153
Dodge: Dodged            |    28 |    42 |   154 |    44 ||   268
Block: Buckler           |       |       |       |     7 ||     7
       Rpst.: Double sword |       |       |    24 |    11 ||    35

Table legend:
 A = Non-vault XP
 B = Vault XP
 C = Vault XP percentage of total XP
 D = Non-vault monster count
 E = Vault monster count
 F = Vault count percentage of total count
                 A         B        C        D         E       F
            +---------+---------+-------+---------+---------+-------
      Total |    9359 |    1628 |  14.8 |     209 |      23 |   9.9
            +---------+---------+-------+---------+---------+-------
        D:1 |      33 |       0 |   0.0 |      15 |       0 |   0.0
        D:2 |      16 |       0 |   0.0 |       8 |       0 |   0.0
        D:3 |     245 |     202 |  45.2 |      37 |       1 |   2.6
        D:4 |     244 |     495 |  67.0 |      13 |      17 |  56.7
        D:5 |     802 |       0 |   0.0 |      20 |       0 |   0.0
        D:6 |     747 |     169 |  18.4 |      20 |       1 |   4.8
        D:7 |    1059 |      42 |   3.8 |      19 |       1 |   5.0
        D:8 |    2383 |       0 |   0.0 |      47 |       0 |   0.0
        D:9 |    3826 |     720 |  15.8 |      28 |       3 |   9.7
       D:10 |       4 |       0 |   0.0 |       2 |       0 |   0.0
            +---------+---------+-------+---------+---------+-------
